 Dungeon Sprint DCSS version 0.25.1-2-g60ff931df9 (webtiles) character file.

Game seed: 3765330680736934552

188 soggyman666 the Ruffian (level 5, -7/59 HPs)
             Began as a Troll Berserker on Nov 3, 2020.
             Was a Priest of Trog.
             Mangled by a gnoll
             ... wielding a +0 flail
              (9 damage)
             ... in the Dungeon (Sprint IX: "|||||||||||||||||||||||||||||").
             The game lasted 00:00:34 (50 turns).

soggyman666 the Ruffian (Troll Berserker)             Turns: 50, Time: 00:00:34

Health: -7/59      AC:  6    Str: 26    XL:     5   Next: 39%
Magic:  4/4        EV: 12    Int:  3    God:    Trog [***...]
Gold:   0          SH:  0    Dex:  9    Spells: 4/4 levels left

rFire    . . .     SeeInvis .     - Unarmed
rCold    . . .     Gourm    +   (no shield)
rNeg     . . .     Faith    .   a - +0 animal skin
rPois    .         Spirit   .   (helmet restricted)
rElec    .         Reflect  .   (no cloak)
rCorr    .         Harm     .   (gloves unavailable)
MR       .....     NoTele   +   (boots unavailable)
Stlth    +.........             (no amulet)
HPRegen  0.59/turn              (no ring)
MPRegen  0.09/turn              (no ring)

@: lethally poisoned (-7 -> -11)
A: large, unfitting armour, claws 3, fast metabolism 3, gourmand, regeneration
1, shaggy fur 1, tough skin 3
a: Berserk, Trog's Hand, Renounce Religion


You were in the Dungeon.
You worshipped Trog.
Trog was most pleased with you.
You were completely stuffed.

You visited 1 branch

Inventory:

Armour
 a - a +0 animal skin (worn)
Scrolls
 h - a scroll of blinking
Potions
 c - a potion of curing
 d - a potion of heal wounds
 e - a potion of haste
 f - 2 potions of magic
 g - a potion of berserk rage
Comestibles
 b - 2 rations
 i - 2 chunks of flesh


   Skills:
 + Level 5.6 Fighting
 + Level 5.8 Dodging
 + Level 7.5 Unarmed Combat


You had 4 spell levels left.
You didn't know any spells.
Your spell library was empty.

Dungeon Overview and Level Annotations

Branches:
Dungeon (1/1)

Altars:


Innate Abilities, Weirdness & Mutations

You are too large for most types of armour.
You have claws for hands.
Your metabolism is lightning-fast.
You like to eat raw meat.
Your natural rate of healing is unusually fast.
You are covered in fur. (AC +1)
You have extremely tough skin. (AC +3)


Message History

* * * LOW HITPOINT WARNING * * *
You feel sick. The centaur closely misses you.
You scratch the centaur.
You kill the centaur!
Trog accepts your kill.
Your Fighting skill increases to level 5!
Your Unarmed Combat skill increases to level 7!
You have reached level 5!
* * * LOW HITPOINT WARNING * * *
You feel sick.
You mangle the ball python!!
You kill the ball python!
Trog accepts your kill.
* * * LOW HITPOINT WARNING * * *
You feel sick.
You scratch the gnoll.
The gnoll is moderately wounded.
* * * LOW HITPOINT WARNING * * *
You feel sick. The gnoll hits you with a +0 flail!
You die... ▓▓▓▓▓▓▓▓▓▓▓▓▓▓▓▓▓▓ +....g@.....(...<▓ ▓▓▓▓▓▓▓▓▓▓▓▓▓▓▓▓▓▓

You could see a gnoll.

Vanquished Creatures
  A water moccasin (D)
  A centaur (D)
  2 ball pythons (D)
  2 goblins (D)
  A kobold (D)
  A quokka (D)
  A frilled lizard (D)
9 creatures vanquished.

Notes
Turn   | Place    | Note
-------+----------+-------------------------------------------
     0 | D        | soggyman666 the Troll Berserker began the quest for the
                  | Orb.
     0 | D        | Reached XP level 1. HP: 22/22 MP: 0/0
    14 | D        | Reached ** piety under Trog
    35 | D        | Noticed a centaur
    35 | D        | Noticed a water moccasin
    43 | D        | Killed a water moccasin
    43 | D        | Reached skill level 5 in Dodging
    43 | D        | Reached skill level 6 in Unarmed Combat
    43 | D        | Reached XP level 2. HP: 12/33 MP: 1/1
    43 | D        | Reached XP level 3. HP: 15/41 MP: 2/2
    43 | D        | Reached XP level 4. HP: 18/49 MP: 3/3
    45 | D        | Reached *** piety under Trog
    48 | D        | Killed a centaur
    48 | D        | Reached skill level 5 in Fighting
    48 | D        | Reached skill level 7 in Unarmed Combat
    48 | D        | Reached XP level 5. HP: 4/59 MP: 4/4
    50 | D        | HP: 2/59 [poisoned by a water moccasin]
    50 | D        | Mangled by a gnoll

Illustrated notes

Levels and vault maps discovered:
D:        linesprint [early_d, line_temple, items_1, d_10, items_2, lair_1,
          lair_end, items_3, orc_1, orc_end, items_4, d_15, swamp_1, shoals_1,
          snake_1, spider_1, d_20, vaults_1, items_5, swamp_end, shoals_end,
          snake_end, spider_end, vaults_end, d_27, items_6, zot_1, zot_end,
          crypt_end, forest_end, elf_end, slime_end, tomb_end, abyss_end,
          pan_hell_end]

Skill      XL: |  1  2  3  4 |
---------------+-------------+-----
Fighting       | 4 5 |  5.6
Dodging        | 5 |  5.8
Unarmed Combat | 6 7 |  7.5

Action                   |  1- 3 |  4- 6 || total
-------------------------+-------+-------++-------
Melee: Unarmed           |    23 |     6 ||    29
  Eat: Chunk             |     6 |       ||     6
Armor: Animal skin       |     8 |       ||     8
Dodge: Dodged            |     8 |     3 ||    11
